Map: 永恒梦境-天梯版

Players

TIME (Oliveira) - Winner!

  • Race: Terran Terran

Silky

  • Race: Zerg Zerg
  • League: Master

Event: DreamHack SC2 Masters 2020 Summer China

VOD

Have the link to the VOD?

Description

Time

  • Played on: July 5, 2020, 7:35 a.m.
  • Length: 11:49

All games in this series

Show
View Real Time Build Order
Export as new Build Order

TIME Terran - Winner!

Build Orders: Reaper Expand, Hellion Banshee 

Get SALT Encoding   

  12  0:01  SCV  
  13  0:13  SCV  
  14  0:17  Supply Depot  
  14  0:25  SCV  
  15  0:39  SCV  
  15  0:41  Barracks  
  16  0:44  Refinery  
  16  0:51  SCV  
  17  1:03  SCV  
  18  1:15  SCV  
  19  1:27  Reaper  
  19  1:28  Orbital Command  
  20  1:39  Command Center  
  20  1:49  Supply Depot  
  20  1:53  SCV  
  21  1:59  Marine  
  22  2:05  SCV  
  22  2:08  Factory  
  23  2:13  Refinery  
  23  2:17  SCV  
  23  2:22  Barracks Reactor  
  25  2:30  SCV  
  25  2:42  SCV  
  26  2:51  Orbital Command  
  26  2:54  Starport, SCV  
  27  3:04  Hellion x2, Barracks Tech Lab  
  31  3:09  SCV  
  32  3:18  SCV  
  33  3:21  SCV  
  33  3:23  Supply Depot  
  33  3:25  Hellion x2  
  38  3:32  SCV  
  38  3:33  SCV  
  40  3:38  Banshee, Cloaking Field  
  42  3:41  Marine  
  42  3:46  SCV  
  42  3:47  Supply Depot, SCV  
  45  3:49  Hellion  
  45  3:52  Hellion  
  49  3:58  SCV  
  49  3:59  SCV  
  51  4:10  Command Center  
  51  4:13  Barracks Tech Lab  
  51  4:16  SCV x2  
  53  4:21  Banshee, Factory Reactor  
  56  4:30  Supply Depot  
  56  4:32  SCV x2  
  56  4:38  Barracks  
  58  4:39  Barracks  
  58  4:40  Stimpack  
  58  4:41  Marine  
  58  4:44  SCV  
  60  4:46  SCV  
  61  4:55  Engineering Bay  
  61  4:56  Engineering Bay  
  61  4:57  Supply Depot, SCV  
  62  5:00  Marine  
  62  5:01  SCV  
  62  5:04  Refinery  
  62  5:06  Refinery  
  64  5:09  SCV  
  64  5:13  SCV  
  66  5:16  Siege Tank  
  66  5:17  Starport Reactor  
  70  5:21  SCV  
  70  5:22  Terran Infantry Weapons Level 1  
  70  5:25  Orbital Command  
  70  5:26  SCV  
  71  5:30  Marine  
  71  5:31  Marine  
  71  5:33  Marine  
  71  5:34  SCV  
  75  5:36  Marine  
  75  5:40  SCV  
  75  5:41  Supply Depot  
  77  5:44  Terran Infantry Armor Level 1  
  77  5:48  Marine x2  
  77  5:49  Siege Tank, Marine  
  83  5:50  SCV  
  83  5:55  SCV  
  85  5:59  Marine  
  85  6:02  Marine, SCV  
  85  6:03  Orbital Command  
  88  6:08  Marine  
  88  6:09  Marine x2, Medivac x2  
  88  6:10  SCV  
  93  6:14  SCV  
  93  6:17  Marine  
  95  6:19  Supply Depot, Marine, Barracks  
  95  6:22  Combat Shield, Barracks  
  96  6:25  Marine  
  96  6:27  SCV  
  96  6:28  SCV x2  
  96  6:30  Supply Depot  
  96  6:31  Marine  
  101  6:40  Siege Tank, Supply Depot  
  101  6:42  Marine  
  101  6:43  Marine x2, Armory  
  101  6:46  SCV  
  108  6:50  SCV  
  108  6:52  Marine  
  110  6:55  SCV  
  110  6:56  Supply Depot, Medivac x2  
  110  6:58  Marine  
  116  7:05  Marine  
  116  7:07  Barracks Reactor, SCV x2  
  104  7:17  Marine x2  
  104  7:18  Barracks Reactor  
  104  7:19  SCV  
  104  7:20  Marine, SCV  
  104  7:21  Siege Tank  
  108  7:27  Marine  
  108  7:28  SCV  
  110  7:32  Terran Infantry Weapons Level 2  
  110  7:33  SCV x2  
  110  7:34  Refinery  
  110  7:35  Refinery, Marine  
  113  7:39  Marine x2  
  113  7:40  Command Center  
  113  7:41  SCV  
  113  7:42  Marine  
  117  7:45  Supply Depot, Marine x2, SCV  
  117  7:47  Marine  
  121  7:51  SCV  
  121  7:52  Terran Infantry Armor Level 2  
  121  7:53  Marine  
  121  7:56  Marine  
  124  8:00  Marine  
  124  8:02  Barracks  
  124  8:03  Barracks  
  124  8:04  Barracks  
  122  8:08  Widow Mine, Drilling Claws  
  122  8:09  Factory  
  122  8:11  Sensor Tower, Marine x2  
  126  8:14  Marine x2  
  128  8:20  Marine x2  
  128  8:22  Marine x2  
  128  8:26  Marine  
  133  8:29  Marine x2, Medivac  
  133  8:31  Marine  
  138  8:37  Marine x2  
  138  8:38  Marine  
  138  8:40  Marine x2, SCV  
  137  8:44  Marine  
  137  8:47  Marine x2  
  138  8:49  Marine  
  138  8:50  Marine x2  
  138  8:53  SCV  
  138  8:54  Marine  
  138  8:55  Siege Tank, Marine  
  137  8:57  Factory Reactor  
  137  9:02  Medivac x2  
  143  9:03  Marine x2  
  143  9:07  SCV  
  143  9:09  Marine  
  141  9:11  Marine x2, SCV  
  141  9:13  Marine  
  141  9:14  Marine x2  
  141  9:16  SCV  
  142  9:19  Marine, SCV  
  142  9:20  Marine  
  142  9:23  SCV  
  144  9:28  SCV  
  145  9:32  Marine x2  
  145  9:33  Marine  
  148  9:43  Marine  
  148  9:44  Widow Mine  
  146  9:47  Marine  
  146  9:48  Marine, SCV x2  
  146  9:50  Marine  
  133  9:53  Marine x2  
  123  10:03  Marine x2  
  123  10:04  SCV x3  
  123  10:06  Marine  
  123  10:07  Marine x2  
  118  10:10  Widow Mine x2  
  124  10:15  Marine  
  124  10:16  SCV  
  124  10:18  Marine  
  124  10:21  Widow Mine  
  129  10:24  Marine  
  129  10:26  Marine x2  
  122  10:29  SCV  
  122  10:30  Marine x2  
  122  10:31  Widow Mine, Medivac  
  122  10:32  SCV  
  122  10:33  Marine  
  131  10:38  Marine  
  131  10:42  Marine x2  
  133  10:45  Marine  
  133  10:46  Marine x2  
  133  10:47  Marine  
  126  10:54  Marine x3  
  126  10:55  Marine  
  126  10:56  Widow Mine, Medivac  
  121  10:58  Marine  
  121  10:59  Marine  
  121  11:01  Medivac  
  121  11:03  Marine  
  114  11:16  Marine  
  114  11:17  Marine  
  110  11:23  Marine  
  102  11:26  Marine x2  
  102  11:29  SCV  
Show
View Real Time Build Order
Export as new Build Order

Silky Zerg 

Build Orders: Hatch First 

Get SALT Encoding   

  12  0:01  Drone  
  13  0:12  Overlord  
  13  0:16  Drone  
  14  0:31  Drone x2  
  16  0:48  Hatchery  
  15  0:50  Drone  
  15  0:54  Drone  
  17  0:57  Drone  
  17  1:04  Extractor  
  17  1:13  Spawning Pool  
  17  1:16  Drone  
  17  1:19  Drone  
  18  1:28  Drone  
  19  1:38  Drone  
  20  1:50  Drone  
  21  1:59  Queen  
  21  2:00  Zergling x2, Queen  
  21  2:01  Zergling x2  
  27  2:04  Metabolic Boost  
  27  2:10  Overlord  
  27  2:12  Drone  
  29  2:30  Drone x2  
  29  2:33  Drone  
  31  2:38  Queen x2  
  31  2:40  Drone  
  31  2:44  Overlord  
  36  2:48  Overlord  
  36  3:03  Drone x2  
  36  3:04  Drone x2  
  40  3:09  Drone x2  
  40  3:10  Drone x4  
  47  3:20  Zergling x4  
  48  3:28  Hatchery  
  48  3:29  Overlord  
  48  3:32  Drone  
  48  3:39  Drone x2  
  50  3:44  Queen  
  50  3:46  Queen  
  50  3:48  Overlord  
  54  3:49  Zergling x2  
  54  3:50  Drone  
  54  3:52  Drone  
  54  3:53  Drone  
  54  3:54  Drone  
  59  3:58  Drone  
  59  4:01  Extractor  
  59  4:02  Overlord  
  59  4:03  Drone  
  60  4:13  Evolution Chamber  
  60  4:14  Evolution Chamber  
  60  4:15  Drone x2  
  60  4:22  Drone x6  
  66  4:28  Spore Crawler  
  66  4:29  Spore Crawler  
  66  4:30  Drone  
  65  4:33  Spore Crawler  
  65  4:34  Drone  
  65  4:36  Drone  
  66  4:39  Zerg Ground Armor Level 1  
  66  4:40  Zerg Melee Weapons Level 1  
  66  4:41  Drone  
  66  4:44  Spore Crawler  
  66  4:48  Drone x2  
  68  4:53  Lair  
  68  4:56  Drone x3  
  68  4:57  Zergling x4  
  68  4:59  Zergling x2  
  74  5:05  Overlord x2  
  73  5:12  Hatchery  
  72  5:17  Overlord  
  72  5:21  Drone  
  73  5:22  Drone  
  73  5:23  Baneling Nest  
  73  5:24  Zergling x10  
  78  5:32  Zergling x10  
  83  5:41  Drone  
  83  5:42  Hatchery, Drone x3  
  85  5:44  Drone x2  
  85  5:51  Zergling x8  
  85  5:52  Overseer  
  89  6:00  Drone x3  
  92  6:07  Zergling x2  
  91  6:13  Centrifical Hooks  
  91  6:14  Zergling x2  
  91  6:15  Zergling x12  
  98  6:25  Hatchery  
  97  6:27  Overlord x2  
  97  6:31  Zergling x10  
  102  6:35  Overlord  
  102  6:40  Zerg Ground Armor Level 2  
  102  6:41  Zerg Melee Weapons Level 2  
  102  6:42  Zergling x2  
  102  6:43  Zergling x2  
  102  6:44  Overlord x2  
  102  6:45  Zergling x8  
  107  6:48  Zergling x4  
  107  6:50  Zergling x2  
  107  6:51  Zergling x4  
  112  6:55  Drone  
  112  6:56  Drone x2  
  112  6:57  Drone x2  
  117  7:03  Unknown, Zergling x4  
  117  7:05  Baneling x3  
  117  7:07  Zergling x6  
  108  7:19  Drone x10  
  117  7:26  Nydus Network  
  117  7:28  Zergling x6  
  118  7:35  Overseer  
  118  7:36  Drone  
  118  7:37  Drone x6  
  125  7:39  Drone  
  125  7:42  Zergling x12  
  132  7:50  Zergling x10  
  137  7:54  Overlord  
  137  7:56  Pneumatized Carapace  
  136  8:00  Drone x3  
  136  8:02  Hatchery  
  135  8:06  Overseer  
  135  8:08  Zergling x2  
  135  8:09  Zergling x6  
  138  8:14  Zergling x2  
  138  8:15  Zergling x22  
  138  8:19  Overlord x2  
  150  8:20  Overlord  
  150  8:22  Spore Crawler, Zergling x10  
  150  8:23  Nydus Canal  
  154  8:29  Zergling x10  
  154  8:34  Infestation Pit  
  155  8:36  Zergling x10  
  157  8:43  Zergling x18  
  157  8:47  Nydus Canal  
  163  8:54  Zergling x20  
  134  8:55  Baneling  
  134  8:56  Baneling x8  
  134  8:59  Baneling x9  
  134  9:01  Zergling x8  
  132  9:08  Zergling x18  
  132  9:09  Nydus Canal  
  138  9:13  Zergling x12  
  138  9:18  Zergling x6  
  138  9:23  Zergling x6  
  141  9:26  Nydus Canal  
  141  9:29  Zergling x4  
  143  9:33  Hatchery, Zergling x4  
  143  9:37  Zergling x12  
  150  9:43  Zergling x2  
  143  9:48  Zergling x20  
  138  9:52  Baneling  
  138  9:53  Baneling x8  
  138  9:57  Zergling x6  
  118  10:04  Zergling x10  
  98  10:08  Baneling x9  
  98  10:09  Nydus Canal  
  98  10:11  Zergling x4  
  98  10:13  Zergling x8  
  99  10:16  Zergling x2  
  99  10:17  Zergling x2  
  100  10:21  Zergling x2  
  100  10:22  Zergling x2  
  95  10:30  Zergling x12  
  95  10:31  Zergling x6  
  95  10:34  Zergling x4  
  106  10:39  Nydus Canal  
  106  10:41  Zergling x2  
  106  10:42  Zergling x8  
  106  10:44  Zergling x2  
  106  10:45  Zergling x2  
  106  10:46  Zergling x8  
  106  10:47  Zergling x2  
  106  10:52  Zergling x2  
  103  10:59  Zergling x8  
  103  11:01  Baneling x11  
  103  11:02  Baneling  
  103  11:03  Baneling x2  
  84  11:14  Zergling x14  
  84  11:15  Zergling x2  
  78  11:22  Zergling x8  
Tags
 
Add a new tag
Caveats
  • Supply blocks, unpowered buildings, or Contaminate may cause inaccurate times.
  • Supply counts are checked every 10 seconds.